 Dungeon Crawl Stone Soup version 0.30.0-16-gbe6223bb7e (webtiles) character file.

Game seed: 5887875820468801110

1008 sentinel the Magician (level 8, 59/59 HPs)
             Began as a Meteoran Earth Elementalist on May 20, 2023.
             Quit the game on level 6 of the Dungeon.
             The game lasted 00:13:15 (1587 turns).

sentinel the Magician (Meteoran Earth Elementalist) Turns: 1587, Time: 00:13:15

Health: 59/59      AC:  3    Str:  9 (10) XL:     8   Next: 72%
Magic:  15/20      EV: 12    Int: 17 (19) God:
Gold:   0          SH:  0    Dex: 11 (14) Spells: 16/22 levels left

rFire   . . .        d - +0 short sword (drain)
rCold   . . .        (no shield)
rNeg    . . .        a - +1 robe
rPois   .            (no helmet)
rElec   .            (no cloak)
rCorr   .            (no gloves)
SInv    +            (no boots)
Will    +....        (no amulet)
Stlth   +            i - ring of see invisible
HPRegen 0.29/turn    (no ring)
MPRegen 0.17/turn

%: no passive effects
@: glowing
A: sense surroundings 1, otherworldly, glowing, explore regen
a: no special abilities


You were on level 6 of the Dungeon.
You visited 2 branches of the dungeon, and saw 7 of its levels.
You also visited: Sewer.

You collected 45 gold pieces.
You spent 45 gold pieces at shops.

Inventory:

Hand Weapons
 d - a +0 short sword of draining (weapon)
Missiles
 c - 3 silver boomerangs
 e - 4 javelins
 g - a throwing net
 k - 7 boomerangs
Armour
 a - a +1 robe (worn)
Jewellery
 i - a ring of see invisible (left hand)
Wands
 o - a wand of mindburst (13)
 P - a wand of paralysis (8)
Scrolls
 f - 2 scrolls of butterflies
 j - a scroll of fear
 l - 2 scrolls of immolation
 r - a scroll of identify
Potions
 b - a potion of magic
 m - 2 potions of brilliance
 n - 2 potions of resistance
 w - a potion of heal wounds


   Skills:
 + Level 1.3 Fighting
 - Level 2.4 Dodging
 - Level 1.4 Stealth
 + Level 7.7 Spellcasting
 - Level 5.0 Conjurations
 - Level 1.2 Transmutations
 - Level 5.0 Earth Magic
 - Level 5.0 Evocations


You had 16 spell levels left.
You knew the following spells:

 Your Spells              Type           Power      Damage    Failure   Level
a - Sandblast             Erth           46%        2d11      1%          1
b - Stone Arrow           Conj/Erth      46%        3d9       4%          3
c - Passwall              Tmut/Erth      14%        N/A       4%          2

Your spell library contained the following spells:

 Spells                   Type           Power      Damage    Failure   Level
 Petrify                  Tmut/Erth      17%        N/A       30%         4
 Animate Armour           Summ/Erth      30%        N/A       36%         4
 Lehudib's Crystal Spear  Conj/Erth      11%        10d4      100%        8


Dungeon Overview and Level Annotations

Branches:
Dungeon (6/15) Zot: 2332   Temple (1/1) D:5 Zot: 489   Sewer (visited)

Altars:
Dithmenos
Elyvilon
Fedhas
Gozag
Hepliaklqana
Okawaru
Qazlal
Trog
Uskayaw
Vehumet
Wu Jian
Xom
Yredelemnul
Zin

Shops:
D:6 **

Annotations:
D:5 Blork the orc


Innate Abilities, Weirdness & Mutations

You passively map a small area around you.
You are easily found by Zot.
You glow in the dark.
You regain HP and MP as you explore.


Message History

Confirm with . or Enter, or press ? or * to list all spells.
Aiming: Passwall (safe; 4% risk of failure)
Press: ? - help, Dir - move target A rock wall.
You feel a surge of power!
You begin to meditate on the wall.
You continue meditating on the rock. x2
You finish merging with the rock.
You feel a surge of power!
The blast of sand hits the white imp!
The white imp is heavily wounded.
The white imp shouts!
The white imp hits you. The white imp freezes you. You resist.
Casting: Sandblast (safe; 1% risk of failure)
Confirm with . or Enter, or press ? or * to list all spells.
Aiming: Stone Arrow (dangerous; 3% risk of failure)
Press: ? - help, Shift-Dir - straight line, f/p - white imp
Aim: a white imp (heavily wounded, 74% to hit)
You feel a surge of power!
The stone arrow misses the white imp.
The white imp closely misses you.
You closely miss the white imp.
The white imp is heavily wounded.
The white imp closely misses you.
Unknown command.
You feel a surge of power!
The blast of sand hits the white imp.
You kill the white imp!
Your Fighting skill increases to level 1!
You can't see any susceptible monsters within range! (Use Z to cast anyway.)
Found Gesaohad's Assorted Antiques.
Press: ? - help, v - describe, . - travel The floor.
Unknown command.
There is an entrance to Gesaohad's Assorted Antiques here.
e - a scroll labelled IBLUYSTR NUMMIPH;
h - a brown potion Thank you for shopping at Gesaohad's Assorted Antiques!
As you read the scroll labelled IBLUYSTR NUMMIPH, it crumbles to dust.
It is a scroll of brand weapon.
Your +0 short sword craves living souls!
d - a +0 short sword of draining (weapon)
Unknown command.
Casting: Sandblast (safe; 1% risk of failure)
Confirm with . or Enter, or press ? or * to list all spells.
Aiming: Passwall (safe; 4% risk of failure)
Press: ? - help, Dir - move target A rock wall.
You feel a surge of power!
You begin to meditate on the wall.
You continue meditating on the rock. x2
You finish merging with the rock.
It was a potion of degeneration.
There was something very wrong with that liquid.
You feel weakened.
You feel dopey.
You feel clumsy.
Casting: Passwall (safe; 4% risk of failure)
Confirm with . or Enter, or press ? or * to list all spells.
Aiming: Passwall (safe; 4% risk of failure)
Press: ? - help, Dir - move target A rock wall.
You feel a surge of power!
You begin to meditate on the wall.
You continue meditating on the rock. x2
You finish merging with the rock.
Found 4 javelins.
You feel a little less clever now.
Found a dagger and 4 atropa-tipped darts.
Found a stone staircase leading up.
You start to feel less resistant.
e - 4 javelins Your resistance to elements expires.
There is a stone staircase leading up here.
You climb upwards.
Level annotation: Blork the orc
Found a runed long sword.
Found an escape hatch in the floor.
Found a stone staircase leading up.
There is a stone staircase leading down here.
There is a stone staircase leading up here.
You climb upwards.
There is a stone staircase leading down here.
You climb downwards.
Level annotation: Blork the orc
There is a stone staircase leading up here.
There is a stone staircase leading down here.
You climb downwards.
There is a stone staircase leading up here.
You open the door.
There is an open door here.
Casting: Passwall (safe; 4% risk of failure)
Confirm with . or Enter, or press ? or * to list all spells.
Aiming: Passwall (safe; 4% risk of failure)
Press: ? - help, Dir - move target A rock wall.
You begin to meditate on the wall.
You continue meditating on the rock. x2
You finish merging with the rock.
Found a scroll of identify.
r - a scroll of identify
Casting: Passwall (safe; 4% risk of failure)
Confirm with . or Enter, or press ? or * to list all spells.
Aiming: Passwall (safe; 4% risk of failure)
Press: ? - help, Dir - move target A rock wall.
You begin to meditate on the wall.
You continue meditating on the rock.
Magic restored.
You continue meditating on the rock.
You finish merging with the rock.
As you read the scroll of teleportation, it crumbles to dust.
You feel strangely unstable.
You start waiting.
Your surroundings suddenly seem different.
As you read the scroll of teleportation, it crumbles to dust.
You feel strangely unstable.
You start waiting.
Your surroundings suddenly seem different. 2 orcs come into view.
An orc is wielding a +1 dagger of protection.
Found a book of Armaments.
The orc shouts!
Casting: Passwall (safe; 4% risk of failure)
Confirm with . or Enter, or press ? or * to list all spells.
Aiming: Stone Arrow (dangerous; 4% risk of failure)
Press: ? - help, Shift-Dir - straight line, f - orc
Aim: an orc, wielding a +1 dagger of protection and wearing a +0 ring mail (75% to hit)
The stone arrow hits the orc!!
You kill the orc!
Casting: Stone Arrow (dangerous; 4% risk of failure)
Confirm with . or Enter, or press ? or * to list all spells.
Aiming: Stone Arrow (dangerous; 4% risk of failure)
Press: ? - help, Shift-Dir - straight line, f - orc
Aim: an orc, wielding a +0 hand axe (71% to hit)
The stone arrow hits the orc!
You kill the orc!
A shadow imp comes into view.
Press: ? - help, v - describe, . - travel, g - get item Item here: a book of Armaments.
The floor.
Found a leather armour.
The shadow imp shouts, "Slither home, thou plume-plucked kobold-kissing guttersnipe!"
You hear a shout!
Things that are here:
a +1 dagger of protection; a +0 ring mail The blast of sand hits the shadow imp!
You kill the shadow imp!
An orc wizard comes into view. It is wielding a +4 vampiric dagger.
You see here a book of Armaments.
Casting: Sandblast (safe; 1% risk of failure)
Confirm with . or Enter, or press ? or * to list all spells.
Aiming: Stone Arrow (dangerous; 4% risk of failure)
Press: ? - help, Shift-Dir - straight line, f - orc wizard
Aim: an orc wizard, wielding a +4 vampiric dagger and wearing a +0 robe (64% to hit)
The stone arrow hits the orc wizard!!
You kill the orc wizard!
You pick up a book of Armaments and begin reading...
You add the spells Animate Armour and Lehudib's Crystal Spear to your library.
Things that are here:
a +4 vampiric dagger; a +0 robe
Okay, then.
Are you sure you want to abandon this character and quit the game? (Confirm with "yes".)

##..# # ##..#
# ###.)## #
#....## #
###..##).####
#
#...####....#
#.......)...#
#......#...[#
#.......#@..#
#..#######.##
. , , .# * *
, .# , .# ***
**##


There were no monsters in sight!

Vanquished Creatures
  A black bear (D:5)
  2 ogres (D:5)
  3 kobold brigands (Sewer)
  A gnoll sergeant (D:4)
  A howler monkey (D:5)
  2 orc priests
  3 orc wizards
  5 gnolls (D:4)
  14 adders
  A shadow imp (D:6)
  2 white imps
  2 worms
  4 dart slugs
  19 orcs
  6 ball pythons
  5 endoplasms
  5 giant cockroaches
  2 goblins
  3 hobgoblins
  6 jackals
  8 kobolds
  5 quokkas
  8 bats
  5 frilled lizards
  7 rats
120 creatures vanquished.

Notes
Turn   | Place    | Note
-------+----------+-------------------------------------------
     0 | D:1      | sentinel the Meteoran Earth Elementalist began the quest
                  | for the Orb.
     0 | D:1      | Reached XP level 1. HP: 14/14 MP: 5/5
    36 | D:1      | Reached XP level 2. HP: 20/20 MP: 3/6
   108 | D:2      | Reached XP level 3. HP: 26/26 MP: 6/8
   111 | D:2      | Learned a level 2 spell: Passwall
   115 | D:2      | Learned a level 3 spell: Stone Arrow
   178 | D:2      | Reached skill level 3 in Spellcasting
   178 | D:2      | Reached skill level 1 in Conjurations
   178 | D:2      | Reached skill level 5 in Earth Magic
   180 | D:2      | Reached XP level 4. HP: 33/33 MP: 4/9
   421 | D:3      | Found a faded altar of an unknown god.
   449 | D:4      | Noticed a gnoll sergeant
   455 | D:4      | Killed a gnoll sergeant
   456 | D:4      | Reached skill level 4 in Spellcasting
   456 | D:4      | Reached skill level 1 in Evocations
   456 | D:4      | Reached XP level 5. HP: 32/38 MP: 5/12
   468 | D:4      | Reached XP level 6. HP: 41/45 MP: 4/13
   481 | D:5      | Entered Level 5 of the Dungeon
   534 | D:5      | Noticed an ogre
   536 | D:5      | Killed an ogre
   537 | D:5      | Reached XP level 7. HP: 25/50 MP: 2/15
   564 | D:4      | Reached skill level 5 in Spellcasting
   601 | D:4      | Found a radiant altar of Vehumet.
   694 | D:3      | Found a glowing drain.
   701 | Sewer    | Entered a sewer
   884 | Sewer    | Reached XP level 8. HP: 57/57 MP: 15/17
   902 | Sewer    | Reached skill level 5 in Conjurations
   906 | Sewer    | Reached skill level 6 in Spellcasting
  1108 | D:4      | Found a blossoming altar of Fedhas.
  1111 | D:4      | Found a bloodstained altar of Trog.
  1118 | D:4      | Reached skill level 5 in Evocations
  1206 | D:5      | Reached skill level 7 in Spellcasting
  1220 | D:5      | Found a staircase to the Ecumenical Temple.
  1227 | Temple   | Entered the Ecumenical Temple
  1395 | D:5      | Found a white marble altar of Elyvilon.
  1431 | D:5      | Found a hide-covered altar of Uskayaw.
  1431 | D:5      | Noticed Blork the orc
  1476 | D:6      | Found Quasmepn's General Store.
  1500 | D:6      | Reached skill level 1 in Fighting
  1505 | D:6      | Found Gesaohad's Assorted Antiques.
  1509 | D:6      | Bought a scroll labelled IBLUYSTR NUMMIPH for 24 gold
                  | pieces
  1509 | D:6      | Bought a brown potion for 21 gold pieces
  1587 | D:6      | Quit the game

Illustrated notes

Levels and vault maps discovered:
D:1:      eino_arrival_water_cross, layout_basic
D:2:      layout_loops_ring, minmay_pentomino_r4
D:3:      layout_rooms, shapermc_ecumenical_altar_acropolis,
          gup_sewer_entry_bubbles
D:4:      layout_basic, mainiacjoe_overflow_surrounded_room,
          mainiacjoe_overflow_brackets, fedhas_altar_1,
          ebering_ghost_rock_garden
D:5:      cheibrodos_thug_alley, layout_basic, nicolae_uskayaw_suspiria,
          old_standard_altar, minmay_temple_entry_wispy, feat_on_display,
          uniq_blork_the_orc
D:6:      layout_basic, old_standard_altar, kennysheep_mini, serial_shops,
          nicolae_shop_advertising_works [nicolae_subvault_shop_adworks], shop,
          nicolae_shop_back_alley_shop, nicolae_shop_back_alley_shop,
          small_statue_intersection, nicolae_shop_firing_range
Temple:   hellmonk_temple_beads

Skill      XL: |  1  2  3  4  5  6  7  8 |
---------------+-------------------------+-----
Earth Magic    | 4 5 |  5.0
Spellcasting   | 3 4 5 7 |  7.7
Conjurations   | 1 2 3 4 5 |  5.0
Evocations     | 1 2 3 4 5 |  5.0
Fighting       | 1 |  1.3
Dodging        | |  2.4
Stealth        | |  1.4
Transmutations | |  1.2

Action                     |  1- 3 |  4- 6 |  7- 9 || total
---------------------------+-------+-------+-------++-------
  Melee: Short sword       |       |     3 |    20 ||    23
         Punch             |       |       |     1 ||     1
   Cast: Sandblast         |    24 |    36 |    69 ||   129
         Passwall          |       |     3 |    27 ||    30
         Stone Arrow       |       |     9 |    33 ||    42
  Evoke: Wand              |       |       |     1 ||     1
    Use: Scroll            |       |     3 |    10 ||    13
         Potion            |       |       |     4 ||     4
   Stab: Paralysed         |       |       |     2 ||     2
         Sleeping          |       |       |     1 ||     1
 Armour: Robe              |     2 |     5 |    11 ||    18
  Dodge: Dodged            |     5 |    10 |    23 ||    38
